 Dungeon Crawl Stone Soup version 0.31-a0-221-gbddc013574 (webtiles) character file.

Game seed: 4828227254952374810

1241 qw the Skirmisher (level 8, -1/49 HPs)
             Began as a Gargoyle Hexslinger on July 3, 2023.
             Was an Initiate of Okawaru.
             Slain by Maggie
             ... wielding a +2 halberd of flaming
              (5 damage)
             ... on level 6 of the Dungeon.
             The game lasted 00:01:56 (4572 turns).

qw the Skirmisher (Gargoyle Hexslinger)             Turns: 4572, Time: 00:01:57

Health: -1/49      AC: 14    Str: 11    XL:     8   Next: 49%
Magic:  7/9        EV: 13    Int: 15    God:    Okawaru [......]
Gold:   345        SH:  0    Dex: 14    Spells: 8/9 levels left

rFire   . . .        Y - +4 sling
rCold   . . .        (no shield)
rNeg    + + .        h - +0 ring mail
rPois   inf          (no helmet)
rElec   +            (no cloak)
rCorr   .            (no gloves)
SInv    .            c - +0 pair of boots
Will    .....        (no amulet)
Stlth   ++           e - ring of positive energy
HPRegen 0.28/turn    (no ring)
MPRegen 0.11/turn

%: no passive effects
@: heroic
A: sickness immunity, AC +5, negative energy resistance 1, electricity
resistance, torment resistance 1, petrification resistance
a: Renounce Religion


You were on level 6 of the Dungeon.
You worshipped Okawaru.
Okawaru was noncommittal.
You visited 1 branch of the dungeon, and saw 7 of its levels.

You collected 345 gold pieces.


Innate Abilities, Weirdness & Mutations

You are immune to sickness and miasma.
Your stone body is resilient. (AC +5)
You are immune to poison.
You resist negative energy. (rN+)
You are resistant to electric shocks. (rElec)
You are resistant to unholy torment.
You are immune to petrification.


   Skills:
 - Level 5.0(10.0) Fighting
 + Level 8.1(13.1) Ranged Weapons
 - Level 3.9(8.9) Armour
 - Level 1.5(6.5) Dodging
 - Level 1.0 Spellcasting
 - Level 2.6 Hexes
 - Level 0.6 Invocations


You had 8 spell levels left.
You knew the following spells:

 Your Spells              Type           Power      Damage    Failure   Level
a - Slow                  Hex            32%        N/A       17%         1

Your spell library contained the following spells:

 Spells                   Type           Power      Damage    Failure   Level
 Inner Flame              Hex/Fire       4%         N/A       65%         3
 Portal Projectile        Hex/Tloc       8%         N/A       65%         3
 Cause Fear               Hex            4%         N/A       86%         4

Inventory:

Hand Weapons
 Y - a +4 sling (weapon)
Armour
 c - a +0 pair of boots (worn)
 h - a +0 ring mail (worn)
 j - the scarf of Leeguwaj {repulsion, rC+ Stlth+}
   (You acquired it on level 6 of the Dungeon)

   rC:        It protects you from cold.
   Stlth:     It makes you more stealthy.
Jewellery
 e - a ring of positive energy (left hand)
Scrolls
 b - 3 scrolls of identify
Potions
 a - a potion of mutation
 d - a potion of heal wounds {unknown}
 f - a potion of lignification {unknown}
 g - 2 potions of resistance
 i - a potion of brilliance {unknown}
 k - a potion of curing {unknown}

Dungeon Overview and Level Annotations

Branches:
Dungeon (7/15)
 Temple: D:4-7

Altars:
Ashenzari
Dithmenos
Elyvilon
Hepliaklqana
Okawaru
Xom

Shops:
D:2 (

Annotations:
D:6 Maggie


Message History

You shoot a sling bullet. The sling bullet hits Maggie.
Maggie is severely wounded.
Maggie closely misses you.
You shoot a sling bullet. The sling bullet hits Maggie.
Maggie is severely wounded.
You break out of your daze.
Maggie hits you from afar with a +2 halberd of flaming!
Maggie burns you.
4567 ||| INVOKING Heroism.
You gain the combat prowess of a mighty hero.
You can no longer gain great but temporary skills.
Maggie closely misses you.
You shoot a sling bullet. The sling bullet hits Maggie!
Maggie is severely wounded.
Maggie mumbles some strange words.
Maggie attempts to bespell you! You resist.
You shoot a sling bullet.
The sling bullet hits Maggie but does no damage.
Maggie is severely wounded.
Maggie hits you from afar with a +2 halberd of flaming!
Maggie burns you.
Enter note:
Enter note:
Enter note:
Enter note:
Enter note:
Enter note:
4570 ||| READING scroll labelled WEOCHAUJOTS.
This is a scroll of acquirement!
4570 ||| ACQUIRING scarf of Leeguwaj {repulsion, rC+ Stlth+} Something appears at your feet!
Maggie casts a spell at you. The bolt of fire hits you!
j - the scarf of Leeguwaj {repulsion, rC+ Stlth+} Maggie hits you from afar with a +2 halberd of flaming.
Maggie burns you.
4572 ||| UPGRADING to scarf of Leeguwaj {repulsion, rC+ Stlth+}.
Maggie hits you from afar with a +2 halberd of flaming.
Keep equipping yourself?
You die...

......##.....# ..
###..####....## #.#
###....#.##...## .
#..##.............#
..##........##..........
.$.........###........##
.......@.............##
............##........#
.[.....@##..............
..#..##..###.........#..
..#.###..# #.........###
........####..........
.....#.....).###...##..#
........##..## #.......
......%%##### #......
.....#..# ......
.....#..# ......


You could see Maggie.

Vanquished Creatures
  Grinder (D:6)
  An ice beast (D:5)
  A black bear (D:5)
  2 ogres
  Blork the orc (D:6)
  A scorpion (D:4)
  2 howler monkeys
  3 hounds
  A jelly (D:6)
  A gnoll bouda (D:5)
  A sleepcap (D:4)
  An orc wizard (D:5)
  11 gnolls
  6 adders
  A shadow imp (D:6)
  2 ufetubi
  4 worms
  3 dart slugs
  6 orcs
  9 endoplasms
  6 giant cockroaches
  4 goblins
  9 hobgoblins
  7 kobolds
  6 quokkas
  7 ball pythons
  4 bats
  4 frilled lizards
  3 rats
108 creatures vanquished.

Notes
Turn   | Place    | Note
-------+----------+-------------------------------------------
     0 | D:1      | qw the Gargoyle Hexslinger began the quest for the Orb.
     0 | D:1      | Reached XP level 1. HP: 12/12 MP: 2/2
     0 | D:1      | 0 ||| qw: Version: 0.3-a-40-ge99b1a8
     0 | D:1      | 0 ||| qw: Game counter: 522
     0 | D:1      | 0 ||| qw: Melee chars always use a shield: true
     0 | D:1      | 0 ||| qw: God list: Okawaru
     0 | D:1      | 0 ||| qw: Allow faded altars: false
     0 | D:1      | 0 ||| qw: Do Orc after clearing Dungeon:15 true
     0 | D:1      | 0 ||| qw: Do second Lair branch before Depths: true
     0 | D:1      | 0 ||| qw: Lair rune preference: random
     0 | D:1      | 0 ||| qw: Goals: Normal
     0 | D:1      | 0 ||| PLANNING D:1-11
   191 | D:1      | Reached XP level 2. HP: 16/16 MP: 3/3
   266 | D:1      | Reached skill level 3 in Ranged Weapons
   466 | D:1      | Reached XP level 3. HP: 21/21 MP: 4/4
   736 | D:1      | 736 ||| UPGRADING to amulet of guardian spirit.
   741 | D:1      | 741 ||| UPGRADING to ring of positive energy.
   742 | D:1      | 742 ||| READING scroll labelled LEAKIBRUAM.
   843 | D:1      | 843 ||| READING scroll labelled ZOSKOSKIDAO.
   844 | D:1      | 844 ||| DROPPING scroll of poison.
   979 | D:2      | Found Liusek's Antique Weapon Shoppe.
   987 | D:2      | 987 ||| SHOPLISTING glimmering shortbow (200 gold, have
                  | 52).
  1000 | D:2      | Found a faded altar of an unknown god.
  1219 | D:2      | Reached XP level 4. HP: 27/27 MP: 5/5
  1686 | D:2      | 1686 ||| READING scroll labelled ZOTRUR SAWNA.
  1687 | D:2      | 1687 ||| READING 3 scrolls labelled NOSSEC WOULL.
  1688 | D:2      | 1688 ||| READING scroll labelled KICAASKARGH.
  1689 | D:2      | 1689 ||| READING scroll labelled WOIZXEA PEOGEN.
  1690 | D:2      | 1690 ||| READING scroll labelled MOIMESHR YSCHAE.
  1971 | D:3      | Found a white marble altar of Elyvilon.
  1995 | D:3      | 1995 ||| READING scroll of enchant weapon.
  1995 | D:3      | 1995 ||| ENCHANTING +2 sling.
  2130 | D:3      | Reached skill level 4 in Ranged Weapons
  2157 | D:3      | Reached XP level 5. HP: 19/31 MP: 2/6
  2292 | D:3      | 2292 ||| UPGRADING to +0 ring mail.
  2302 | D:3      | 2302 ||| DROPPING +0 robe.
  2303 | D:3      | 2303 ||| READING scroll labelled HUAXAC VEDIFA.
  2304 | D:3      | 2304 ||| READING 3 scrolls of identify.
  2304 | D:3      | 2304 ||| IDENTIFYING grey potion
  2305 | D:3      | 2305 ||| READING 2 scrolls of identify.
  2305 | D:3      | 2305 ||| IDENTIFYING pink potion
  2306 | D:3      | 2306 ||| DROPPING potion of attraction.
  2409 | D:4      | Reached skill level 1 in Armour
  2792 | D:4      | Reached skill level 5 in Ranged Weapons
  2792 | D:4      | Reached XP level 6. HP: 28/36 MP: 5/7
  2841 | D:4      | 2841 ||| Stepping ~*~*~tactically~*~*~ (outnumbered).
  2906 | D:4      | Reached skill level 3 in Fighting
  3141 | D:4      | Found an iron altar of Okawaru.
  3142 | D:4      | 3142 ||| PLANNING OKAWARU WORSHIP
  3142 | D:4      | 3142 ||| READING 2 scrolls labelled SOM TIBLUMEGH.
  3143 | D:4      | 3143 ||| READING scroll labelled BUTRE SOBBOALE.
  3144 | D:4      | 3144 ||| DROPPING scroll of revelation.
  3152 | D:4      | Became a worshipper of Warmaster Okawaru
  3153 | D:4      | 3153 ||| PLANNING D:1-11
  3153 | D:4      | 3153 ||| REMOVING amulet of guardian spirit.
  3303 | D:4      | 3303 ||| UPGRADING to +0 pair of boots.
  3308 | D:4      | 3308 ||| DROPPING amulet of guardian spirit.
  3320 | D:5      | Entered Level 5 of the Dungeon
  3336 | D:5      | Reached skill level 6 in Ranged Weapons
  3337 | D:5      | 3337 ||| FLEEEEING.
  3338 | D:5      | 3338 ||| FLEEEEING.
  3342 | D:5      | 3342 ||| STAIRDANCE
  3432 | D:5      | Noticed an ice beast
  3443 | D:5      | HP: 6/37 [ice beast (5)]
  3448 | D:5      | Killed an ice beast
  3449 | D:5      | Reached XP level 7. HP: 9/43 MP: 8/8
  3639 | D:5      | Reached * piety under Okawaru
  3721 | D:5      | Found a hazy altar of Hepliaklqana.
  3884 | D:5      | 3884 ||| INVOKING Heroism.
  3909 | D:5      | Reached skill level 7 in Ranged Weapons
  4058 | D:5      | 4058 ||| INVOKING Heroism.
  4088 | D:5      | 4088 ||| READING scroll labelled VUANIRCH PEOGEDI.
  4089 | D:5      | 4089 ||| READING 2 scrolls of identify.
  4089 | D:5      | 4089 ||| IDENTIFYING fuming golden potion
  4108 | D:6      | You fall into a shaft and drop 1 floor!
  4190 | D:6      | Noticed Blork the orc
  4191 | D:6      | 4191 ||| INVOKING Heroism.
  4199 | D:6      | Killed Blork the orc
  4268 | D:6      | Reached skill level 8 in Ranged Weapons
  4268 | D:6      | Reached XP level 8. HP: 26/48 MP: 9/9
  4380 | D:6      | 4380 ||| READING scroll of enchant weapon.
  4380 | D:6      | 4380 ||| ENCHANTING +3 sling.
  4385 | D:6      | Found a shimmering altar of Xom.
  4385 | D:6      | Found a shadowy altar of Dithmenos.
  4386 | D:6      | Found a broken altar of Ashenzari.
  4389 | D:6      | Noticed Grinder
  4391 | D:6      | 4391 ||| INVOKING Heroism.
  4401 | D:6      | Killed Grinder
  4402 | D:6      | Reached skill level 3 in Armour
  4434 | D:6      | 4434 ||| INVOKING Heroism.
  4435 | D:6      | 4435 ||| INVOKING Heroism.
  4549 | D:6      | Noticed Maggie
  4567 | D:6      | 4567 ||| INVOKING Heroism.
  4570 | D:6      | 4570 ||| READING scroll labelled WEOCHAUJOTS.
  4570 | D:6      | Identified a scroll of acquirement
  4570 | D:6      | 4570 ||| ACQUIRING scarf of Leeguwaj {repulsion, rC+
                  | Stlth+}
  4570 | D:6      | Acquired the scarf of Leeguwaj {repulsion, rC+ Stlth+}
  4570 | D:6      | HP: 7/49 [Maggie/bolt of fire (15)]
  4572 | D:6      | 4572 ||| UPGRADING to scarf of Leeguwaj {repulsion, rC+
                  | Stlth+}.
  4572 | D:6      | Slain by Maggie

Levels and vault maps discovered:
D:1:      lordsloth_arrival_two_stooges, layout_basic, corexii_leaking_fountain
D:2:      layout_basic, serial_shops, shop, ebering_ecumenical_altar_petrified
D:3:      layout_basic, mainiacjoe_overflow_tiny_flanked
D:4:      layout_basic, mainiacjoe_overflow_paths, serial_glass,
          glass_columns_a, glass_columns_a
D:5:      layout_rooms, lemuel_tele_altar
D:6:      layout_cave_pools, gammafunk_temple_overflow_claw, marbit_many_paths,
          uniq_maggie, uniq_grinder, uniq_blork_the_orc
D:7:      minmay_opposing_rooms, layout_loops_corners, makhleb_heckhound_becter,
          minmay_temple_entry_drinking_statues

Skill      XL: |  1  2  3  4  5  6  7  8 |
---------------+-------------------------+-----
Ranged Weapons | 3 4 5 6 8 |  8.1
Fighting       | 2 4 5 |  5.0
Armour         | 1 3 |  3.9
Dodging        | |  1.5
Spellcasting   | |  1.0
Hexes          | |  2.6
Invocations    | |  0.6

Action                     |  1- 3 |  4- 6 |  7- 9 || total
---------------------------+-------+-------+-------++-------
   Fire: Sling             |   101 |   204 |   182 ||   487
 Invoke: Heroism           |       |       |     6 ||     6
    Use: Scroll            |     2 |    11 |     4 ||    17
 Armour: Robe              |     8 |    14 |       ||    22
         Ring mail         |       |    37 |    71 ||   108
  Dodge: Dodged            |    18 |    75 |    52 ||   145

Table legend:
 A = Non-vault XP
 B = Vault XP
 C = Vault XP percentage of total XP
 D = Non-vault monster count
 E = Vault monster count
 F = Vault count percentage of total count
                 A         B        C        D         E       F
            +---------+---------+-------+---------+---------+-------
      Total |    1387 |     386 |  21.8 |     106 |       2 |   1.9
            +---------+---------+-------+---------+---------+-------
        D:1 |      55 |       0 |   0.0 |      25 |       0 |   0.0
        D:2 |      43 |       0 |   0.0 |      15 |       0 |   0.0
        D:3 |      84 |       0 |   0.0 |      16 |       0 |   0.0
        D:4 |     247 |       0 |   0.0 |      20 |       0 |   0.0
        D:5 |     640 |       0 |   0.0 |      20 |       0 |   0.0
        D:6 |     318 |     386 |  54.8 |      10 |       2 |  16.7
            +---------+---------+-------+---------+---------+-------
